 Dungeon Crawl Stone Soup version 0.19-a0-994-g3c636f0 (webtiles) character file.

86764 Gagarin the Spear-Bearer (level 15, -10/147 HPs)
             Began as a Centaur Fighter on July 15, 2016.
             Was the Champion of the Shining One.
             Mangled by Geryon (15 damage)
             ... in the Vestibule of Hell.
             The game lasted 01:52:16 (32820 turns).

Gagarin the Spear-Bearer (Centaur Fighter)         Turns: 32820, Time: 01:52:17

Health: -10/147    AC: 23    Str: 22    XL:     15   Next: 41%
Magic:  19/19      EV: 15    Int:  7    God:    the Shining One [******]
Gold:   522        SH:  8    Dex: 12    Spells: 1 memorised, 13 levels left

rFire  + . .     SeeInvis .     S - +1 rod of inaccuracy (9/12)
rCold  . . .     Gourm    .     I - +3 chain mail {rF+}
rNeg   + + +     Faith    .     (no shield)
rPois  .         Spirit   .     m - +1 helmet
rElec  .         Dismiss  .     (no cloak)
rCorr  .         Reflect  .     (no gloves)
SustAt .         Harm     .     i - +2 centaur barding
MR     +....                    q - amulet of rage
Stlth  ..........               j - +2 ring of evasion
                                c - +5 ring of evasion

@: exhausted, divine shield, very slightly contaminated, slowed, glowing,
somewhat resistant to hostile enchantments, extremely unstealthy
A: hooves 3, deformed body, speed 2, mutation resistance 1, robust 1, tough skin
3, MP-powered wands
a: Divine Shield, Cleansing Flame, Summon Divine Warrior, Renounce Religion,
Evoke Berserk Rage


You were in the Vestibule of Hell.
You worshipped the Shining One.
The Shining One was exalted by your worship.
You were near starving.

You visited 4 branches of the dungeon, and saw 23 of its levels.

You collected 2528 gold pieces.
You spent 2006 gold pieces at shops.

Inventory:

Hand Weapons
 L - a +2 longbow of freezing
 O - a +4 bardiche of holy wrath
Missiles
 d - 766 arrows
 e - 33 tomahawks (quivered)
Armour
 i - a +2 centaur barding (worn)
 m - a +1 helmet (worn)
 I - a +3 chain mail of fire resistance (worn)
 K - a +3 ring mail of cold resistance
 Z - the +3 leather armour of the Queen {rElec rF+ MR+}
   (You found it on level 5 of the Lair of Beasts)

   It protects you from fire.
   It insulates you from electricity.
   It affects your resistance to hostile enchantments.
Rods
 S - a +1 rod of inaccuracy (9/12) (in hand)
   (You found it on level 10 of the Dungeon)
 W - a +1 iron rod (14/14)
   (You bought it in a shop on level 1 of the Orcish Mines)
Jewellery
 c - a +5 ring of evasion (left hand)
 f - an uncursed ring of ice {unknown}
 j - a +2 ring of evasion (right hand)
 q - an amulet of rage (around neck)
 D - a +3 ring of strength {unknown}
Wands
 b - a wand of lightning (5/15)
 h - a wand of lightning (6/15)
 t - a wand of flame (27/48)
 A - a wand of flame (4/48)
 E - a wand of teleportation (4/9)
 F - a wand of slowing (24/48)
 H - a wand of digging (15/24)
 M - a wand of enslavement (16/24)
 U - a wand of paralysis (7/24)
Scrolls
 a - a scroll of enchant weapon
 g - 3 scrolls of identify
 p - a scroll of recharging
 s - 3 scrolls of remove curse
 u - a scroll of blinking
 x - 2 scrolls of fear
 y - a scroll of summoning
 z - a scroll of amnesia
 Q - 6 scrolls of teleportation
Potions
 n - 4 potions of flight
 r - a potion of resistance
 w - 5 potions of curing
 C - 2 potions of lignification
 J - 2 potions of haste
 P - 3 potions of ambrosia
 R - a potion of cancellation {unknown}
 T - a potion of might
 V - 3 potions of agility
 X - 2 potions of heal wounds {unknown}
Books
 o - a book of Geomancy

   Spells                             Type                      Level
   a - Sandblast                      Earth                        1
   b - Passwall                       Transmutation/Earth          2
   c - Stone Arrow                    Conjuration/Earth            3
   d - Petrify                        Transmutation/Earth          4
   e - Lee's Rapid Deconstruction     Earth                        5
Miscellaneous
 v - a fan of gales
Comestibles
 k - 4 bread rations
 l - 21 fruits


   Skills:
 + Level 12.8 Fighting
 + Level 13.6 Polearms
 + Level 8.0 Bows
 + Level 10.1 Armour
 + Level 8.4 Dodging
 - Level 2.1 Stealth
   Level 3.9 Shields
 + Level 3.4 Invocations
 + Level 6.5 Evocations


You had 13 spell levels left.
You knew the following spells:

 Your Spells              Type           Power        Failure   Level  Hunger
a - Beastly Appendage     Tmut           #.....       100%        1    ##.....


Dungeon Overview and Level Annotations

Branches:
Dungeon (14/15)            Temple (0/1) D:4            Lair (6/6) D:9
  Swamp (0/4) Lair:2       Spider (0/4) Lair:4        Slime (0/5) Lair:6
    Orc (2/2) D:11            Elf (0/3) Orc:2        Vaults (0/5) D:13
   Hell (1/1)
    Dis: Hell:1         Geh: Hell:1         Coc: Hell:1         Tar: Hell:1

Altars:
Ashenzari
Elyvilon
Fedhas
Hepliaklqana
Kikubaaqudgha
Makhleb
Okawaru
Qazlal
Ru
Sif Muna
Trog
Vehumet
Xom
The Shining One
Jiyva

Shops:
D:4 [   D:10 *   Orc:1 }%?(   Orc:2 !(=%

Portals:
Hell: Lair:6

Annotations:
D:14 exclusion: death knight
Hell Geryon


Innate Abilities, Weirdness & Mutations

You have hooves in place of feet.
Armour fits poorly on your strangely shaped body.
You cover ground very quickly.
You have extremely tough skin. (AC +3)
You are somewhat resistant to further mutation.
You are robust. (+10% HP)
You expend magic power (3 MP) to strengthen your wands.


Message History

The sun demon hits you!
* * * LOW HITPOINT WARNING * * *
You are engulfed in flames!
You resist.
* * * LOW HITPOINT WARNING * * *
The hell beast bites you but does no damage.
The hell beast tramples you but does no damage.
The hell beast completely misses you. You block the hell beast's attack.
You block the sun demon's attack. The hell beast completely misses you.
The hell beast tramples you.
* * * LOW HITPOINT WARNING * * *
You hold your ground!
The hell beast bites you!
* * * LOW HITPOINT WARNING * * *
The hell beast tramples you but does no damage.
The hell beast bites you but does no damage.
The hell beast closely misses you. The hell beast bites you!
* * * LOW HITPOINT WARNING * * *
The hell beast tramples you but does no damage.
The lorocyproca closely misses you. You block the reaper's attack.
Geryon tail-slaps you from afar!
You die...

...... ......
....... .......
.......#.......
.......#.#......
.....#.....#.....
....#.......#....
....#.......#....
.......2.2.......
.......3@2.......
......&222.......
...#.2.22..#....
.. #.......# ...
....#.....#.....
.......#.#......
........#.......
........ .......
........ .......


You could see Geryon, 7 hell beasts, a lorocyproca (invisible), a reaper and a
sun demon.

Vanquished Creatures
  Rupert (D:13)
  Kirke (Lair:5)
  The ghost of mistymad the Impaler, a journeyman MfMo of Fedhas (D:12)
  3 dire elephants (Lair:6)
  The ghost of 4thArraOfDagon the Grappler, a journeyman TrAE of Hepliaklqana (D:11)
  5 hydras
  3 centaur warriors
  A hell beast (Lair:6)
  An ogre mage (D:12)
  15 death yaks
  An orc high priest (Orc:2)
  A tengu warrior (D:14)
  Urug (D:13)
  A sun demon (Hell)
  A soul eater (Hell)
  A skeletal warrior (D:14)
  3 orc knights (Orc:2)
  5 hill giants
  2 ugly things
  Pikel (D:6)
  A manticore (D:12)
  A necromancer (Lair:5)
  A wizard (Lair:6)
  A wolf spider (Lair:4)
  A griffon (D:13)
  3 orc sorcerers (Orc:1)
  3 cyclopes
  A deep elf mage (Orc:2)
  Joseph (D:7)
  3 black mambas
  9 spiny frogs
  3 orange demons (Lair:6)
  2 kobold demonologists
  6 komodo dragons
  3 rime drakes
  A hellwing (Lair:6)
  3 ice devils (Lair:6)
  2 red devils (Lair:6)
  A tengu conjurer (D:13)
  A queen bee (Lair:1)
  7 trolls
  A two-headed ogre (Orc:2)
  2 polar bears
  The ghost of mistymad the Ducker, an amateur MfMo (D:3)
  Grinder (D:6)
  A snapping turtle (shapeshifter) (D:13)
  8 blink frogs
  A shadow (D:13)
  3 water elementals (D:12)
  A wyvern (D:12)
  3 wraiths
  62 yaks
  6 basilisks
  13 humans (D:13)
  2 hogs (Lair:4)
  9 hippogriffs
  3 hungry ghosts
  8 vampire mosquitoes
  2 mottled dragons
  4 wargs (Orc:2)
  25 water moccasins
  5 porcupines
  Duvessa (D:7)
  3 hell hounds
  33 orc warriors
  2 sky beasts
  A slave (D:6)
  An eye of draining (D:9)
  9 ice beasts
  A necrophage (D:10)
  A phantom (D:7)
  11 wolves
  23 centaurs
  15 ogres
  16 crocodiles
  4 big kobolds
  17 giant frogs
  Dowan (D:7)
  A wyvern skeleton (D:10)
  4 scorpions
  A water moccasin skeleton (D:6)
  40 killer bees
  16 wights
  7 electric eels
  2 howler monkeys (D:4)
  7 crimson imps
  6 jellies
  A giant frog zombie (D:13)
  7 hounds
  3 quasits
  7 orc priests
  2 centaur skeletons
  Jessica (D:4)
  Natasha (D:2)
  Terence (D:2)
  11 iguanas
  12 worker ants
  20 orc wizards
  2 killer bee zombies
  11 sheep
  A wolf simulacrum (Lair:5)
  2 worker ant zombies
  4 gnolls (D:9)
  11 adders
  A howler monkey skeleton (D:4)
  56 river rats
  2 shadow imps
  3 oozes
  4 adder skeletons
  2 worms
  A dart slug (D:2)
  6 giant geckos
  97 orcs
  3 ball pythons
  6 bats
  4 giant cockroaches
  11 goblins
  11 hobgoblins
  14 jackals
  6 quokkas
  2 giant gecko skeletons
  A giant gecko zombie (D:5)
  7 giant newts
  A jackal skeleton (D:5)
  14 kobolds
  6 rats
  6 river rat simulacra (Lair:5)
848 creatures vanquished.

Vanquished Creatures (collateral kills)
  3 humans (D:13)
  A vampire mosquito (D:13)
  An orc wizard (Orc:2)
  An orc (Orc:2)
6 creatures vanquished.

Vanquished Creatures (others)
  A centaur warrior (D:13)
  2 humans (Lair:5)
  A slave (D:6)
  2 ogres
  2 crimson imps
  An orc priest (D:6)
  An iguana (Lair:5)
  A wolf simulacrum (Lair:5)
  5 river rats (Lair:5)
  2 orcs
  3 river rat simulacra (Lair:5)
  7 fungi
  6 plants (Lair:6)
34 creatures vanquished.

Grand Total: 888 creatures vanquished

Notes
Turn   | Place    | Note
-------+----------+-------------------------------------------
     0 | D:1      | Gagarin the Centaur Fighter began the quest for the Orb.
     0 | D:1      | Reached XP level 1. HP: 19/19 MP: 1/1
   261 | D:1      | Reached XP level 2. HP: 22/26 MP: 2/2
   721 | D:1      | Reached skill level 2 in Polearms
  1111 | D:2      | Found a burning altar of Makhleb.
  1112 | D:2      | Found a shimmering altar of Xom.
  1133 | D:2      | Reached XP level 3. HP: 27/31 MP: 3/3
  1312 | D:2      | Noticed Natasha
  1494 | D:2      | Found a white marble altar of Elyvilon.
  1645 | D:2      | Noticed Terence
  1673 | D:2      | Killed Terence
  1673 | D:2      | Reached XP level 4. HP: 20/39 MP: 4/4
  1853 | D:2      | Found an ancient bone altar of Kikubaaqudgha.
  1894 | D:2      | Found a blossoming altar of Fedhas.
  2154 | D:2      | Found a stormy altar of Qazlal.
  2432 | D:3      | Noticed mistymad's ghost (amateur MfMo)
  2523 | D:3      | Reached XP level 5. HP: 19/46 MP: 5/5
  2630 | D:2      | Killed Natasha
  2657 | D:3      | Killed mistymad's ghost
  2657 | D:3      | Reached skill level 3 in Polearms
  2657 | D:3      | Reached skill level 1 in Dodging
  2657 | D:3      | Reached XP level 6. HP: 30/53 MP: 6/6
  2726 | D:3      | Found a bloodstained altar of Trog.
  2829 | D:3      | Found a hazy altar of Hepliaklqana.
  3029 | D:3      | Found a glowing golden altar of the Shining One.
  3029 | D:3      | Found a shattered altar of Ashenzari.
  3042 | D:3      | Became a worshipper of the Shining One
  3283 | D:4      | Found an iron altar of Okawaru.
  3339 | D:4      | Reached XP level 7. HP: 60/60 MP: 7/7
  3373 | D:4      | Found a staircase to the Ecumenical Temple.
  3436 | D:4      | Found a radiant altar of Vehumet.
  4130 | D:4      | Noticed Jessica
  4141 | D:4      | Killed Jessica
  4141 | D:4      | Reached skill level 4 in Polearms
  4145 | D:4      | Found a deep blue altar of Sif Muna.
  4222 | D:4      | Found Lyit's Armour Boutique.
  4231 | D:4      | Bought a +0 helmet for 58 gold pieces
  4296 | D:5      | Entered Level 5 of the Dungeon
  4305 | D:5      | Gained mutation: You are somewhat resistant to further mutation. [potion of mutation]
  4305 | D:5      | Gained mutation: You are robust. (+10% HP) [potion of mutation]
  4609 | D:5      | Reached * piety under the Shining One
  4930 | D:5      | Reached skill level 5 in Fighting
  4930 | D:5      | Reached XP level 8. HP: 47/74 MP: 8/8
  5447 | D:6      | Reached skill level 1 in Bows
  6508 | D:5      | Reached skill level 5 in Polearms
  6854 | D:5      | Reached skill level 5 in Armour
  7190 | D:6      | Found an ancient bone altar of Kikubaaqudgha.
  7193 | D:6      | Noticed Pikel
  7193 | D:6      | Reached ** piety under the Shining One
  7213 | D:6      | Killed Pikel
  7213 | D:6      | Reached XP level 9. HP: 82/82 MP: 9/9
  7400 | D:6      | Noticed Grinder
  7700 | D:6      | Paralysed by Grinder for 2 turns
  7705 | D:6      | Killed Grinder
  8062 | D:7      | Reached skill level 6 in Polearms
  8062 | D:7      | Reached skill level 1 in Evocations
  8085 | D:7      | Noticed Joseph
  8095 | D:7      | Killed Joseph
  8440 | D:7      | Reached XP level 10. HP: 66/92 MP: 11/11
  8450 | D:7      | Got a polished long sword
  8535 | D:7      | Reached *** piety under the Shining One
  8623 | D:7      | Got a translucent mace
  9105 | D:8      | Got a fine trident
  9110 | D:8      | Identified the cursed +1 trident "Pendulum" {vamp, Dex+2} (You found it on level 8 of the Dungeon)
  9166 | D:8      | Reached skill level 7 in Polearms
  9191 | D:8      | Found a sacrificial altar of Ru.
  9793 | D:7      | Noticed Duvessa
  9793 | D:7      | Noticed Dowan
  9798 | D:7      | Killed Duvessa
  9805 | D:7      | Killed Dowan
 10267 | D:9      | Reached skill level 1 in Stealth
 10447 | D:9      | Found a staircase to the Lair.
 10640 | D:9      | Reached skill level 8 in Polearms
 11464 | D:10     | Entered Level 10 of the Dungeon
 11796 | D:10     | Reached XP level 11. HP: 104/104 MP: 12/12
 11812 | D:10     | Reached **** piety under the Shining One
 12010 | D:10     | Found Mopon's Assorted Antiques.
 12013 | D:10     | Bought a bone wand for 96 gold pieces
 12092 | D:10     | Noticed a hill giant
 12120 | D:10     | Killed a hill giant
 12299 | D:10     | Noticed a hill giant
 12362 | D:10     | Killed a hill giant
 12556 | D:11     | Noticed a purple ugly thing
 12631 | Lair:1   | Entered Level 1 of the Lair of Beasts
 12632 | Lair:1   | Identified the +6 long sword "Fucet" {elec, +Inv rF- rC+} (You found it on level 7 of the Dungeon)
 12633 | Lair:1   | Identified the +3 mace of Debt {crush, rElec Stlth+} (You found it on level 7 of the Dungeon)
 13653 | Lair:1   | Identified a -1 rod of inaccuracy (11/11) (You found it on level 10 of the Dungeon)
 13826 | Lair:1   | Reached skill level 9 in Polearms
 14764 | Lair:2   | Noticed a death yak
 14765 | Lair:2   | Noticed a death yak
 14778 | Lair:2   | Noticed a death yak
 14825 | Lair:2   | Killed a death yak
 14829 | Lair:2   | Killed a death yak
 14924 | Lair:2   | Noticed a death yak
 14924 | Lair:2   | Noticed a death yak
 14962 | Lair:2   | Killed a death yak
 14962 | Lair:2   | Reached XP level 12. HP: 116/116 MP: 14/14
 14968 | Lair:2   | Killed a death yak
 14968 | Lair:2   | Reached skill level 5 in Dodging
 14980 | Lair:2   | Killed a death yak
 15242 | Lair:2   | Found a staircase to the Swamp.
 15639 | Lair:2   | Reached skill level 10 in Fighting
 16100 | Lair:2   | Noticed a six-headed hydra
 16137 | Lair:2   | Killed a six-headed hydra
 16137 | Lair:2   | Reached skill level 10 in Polearms
 17055 | Lair:3   | Reached ***** piety under the Shining One
 18284 | Lair:4   | Got a slimy rapier
 18749 | Lair:4   | Found a hole to the Spider Nest.
 18767 | Lair:4   | Reached XP level 13. HP: 72/125 MP: 16/16
 19362 | Lair:5   | Noticed Kirke
 19373 | Lair:4   | Reached skill level 5 in Bows
 19418 | Lair:5   | Killed Kirke
 19643 | Lair:5   | Reached skill level 11 in Polearms
 20003 | Lair:5   | Learned a level 1 spell: Beastly Appendage
 20072 | Lair:5   | Got a distressingly furry leather armour
 20143 | Lair:5   | Identified the +3 leather armour of the Queen {rElec rF+ MR+} (You found it on level 5 of the Lair of Beasts)
 20270 | Lair:1   | Identified the +7 rapier of Red Wine {pierce, rPois} (You found it on level 4 of the Lair of Beasts)
 20600 | Lair:5   | Got a smoking war axe
 20916 | Lair:6   | Entered Level 6 of the Lair of Beasts
 21003 | Lair:6   | Reached skill level 10 in Armour
 21006 | Lair:6   | Identified the +9 war axe "Hoyzxucw" {flame, *Rage rPois Str+5} (You found it on level 5 of the Lair of Beasts)
 21438 | Lair:6   | Found a runed door.
 21440 | Lair:6   | Found a viscous altar of Jiyva.
 21447 | Lair:6   | Found a staircase to the Slime Pits.
 21860 | Lair:6   | Noticed a dire elephant
 21877 | Lair:6   | Killed a dire elephant
 22034 | Lair:6   | Noticed a dire elephant
 22046 | Lair:6   | Killed a dire elephant
 22207 | Lair:6   | Found a burning altar of Makhleb.
 22211 | Lair:6   | Reached skill level 5 in Evocations
 22626 | Lair:6   | Noticed a dire elephant
 22635 | Lair:6   | Killed a dire elephant
 23199 | Lair:5   | Reached XP level 14. HP: 77/136 MP: 17/17
 23940 | Lair:6   | Reached skill level 12 in Polearms
 24013 | Lair:6   | Found a gateway to Hell.
 24983 | D:11     | Noticed 4thArraOfDagon's ghost (journeyman TrAE)
 24998 | D:11     | Killed 4thArraOfDagon's ghost
 25442 | D:11     | Reached skill level 1 in Invocations
 25605 | D:11     | Found a staircase to the Orcish Mines.
 25908 | Orc:1    | Entered Level 1 of the Orcish Mines
 25908 | Orc:1    | Found Utarou Betz's Gadget Shoppe.
 26011 | Orc:1    | Found Rajar's Magic Scroll Shop.
 26026 | Orc:1    | Found Emici's Weapon Shop.
 26030 | Orc:1    | Bought a scroll of enchant weapon for 127 gold pieces
 26038 | Orc:1    | Bought a +0 bardiche of chopping for 217 gold pieces
 26152 | Orc:2    | Entered Level 2 of the Orcish Mines
 27012 | Orc:2    | Found a staircase to the Elven Halls.
 27180 | Orc:2    | Reached ****** piety under the Shining One
 28224 | Orc:2    | Found Niygugakh's Jewellery Boutique.
 28224 | Orc:2    | Found Bagof's Antique Weapon Shoppe.
 28226 | Orc:2    | Found Peirphuca's Distillery.
 28228 | Orc:2    | Found Daqaunif's Weapon Shop.
 28239 | Orc:2    | Bought a potion of haste for 140 gold pieces
 28239 | Orc:2    | Bought a potion of ambrosia for 112 gold pieces
 28239 | Orc:2    | Bought a potion of agility for 56 gold pieces
 28660 | Orc:1    | Found Uloqoim's Food Boutique.
 29178 | D:12     | Noticed mistymad's ghost (journeyman MfMo)
 29197 | D:12     | Killed mistymad's ghost
 29315 | Orc:1    | Bought a +1 iron rod (14/14) for 1200 gold pieces
 29873 | D:12     | Reached skill level 13 in Polearms
 30232 | D:12     | Reached XP level 15. HP: 147/147 MP: 19/19
 31006 | D:13     | Noticed Urug
 31007 | D:13     | Found a gate to the Vaults.
 31008 | D:13     | Noticed Rupert
 31075 | D:13     | Killed Rupert
 31109 | D:13     | Killed Urug
 32136 | D:14     | Gained mutation: You expend magic power (3 MP) to strengthen your wands. [a neqoxec]
 32798 | Hell     | Entered the Vestibule of Hell
 32798 | Hell     | Noticed Geryon
 32799 | Hell     | Identified a +4 bardiche of holy wrath (a +2 bardiche of chopping blessed by the Shining One)
 32799 | Hell     | Received a gift from the Shining One
 32820 | Hell     | HP: 5/147 [hell beast[Geryon] (7)]
 32820 | Hell     | Mangled by Geryon

Vault maps used:
D:1:      dpeg_arrival_chase
D:2:      grunt_temple_overflow_open, kiku_gazebo_garden_becter,
          nicolae_overflow_hidden_temple, elyvilon_altar_3, fedhas_altar_3,
          uniq_natasha, uniq_terence
D:3:      gammafunk_temple_overflow_pools, nicolae_overflow_crystal_walls,
          old_standard_altar, first_bread
D:4:      tgw_sif, vehumet_altar_wand_db, okawaru_gym_becter, serial_shops,
          nicolae_shop_temple_entry_statues_fountains
D:6:      minmay_ruined_shrine, uniq_pikel, uniq_grinder
D:7:      uniq_joseph, uniq_duvessa
D:8:      nicolae_ru_great_annihilating_truth
D:9:      minmay_lair_entry_lava
D:10:     serial_shops, kennysheep_mini
D:11:     hiddenorc1_lemuel
D:12:     kennysheep_big_flooded_room
D:13:     david_vaults_3, grunt_tengu_nest
D:14:     serial_shops, shop_scrolls, kennysheep_path_1
Lair:1:   enter_volcano_1, special_room, serial_bayou_pond_e, grunt_megastairs_5
Lair:2:   swamp_mist, infiniplex_staircase_pool, grunt_megastairs_2
Lair:3:   grunt_megastairs_4, lemuel_fruit_tree
Lair:4:   spider_nest_entry_rubble
Lair:5:   eino_house_with_fridge, uniq_kirke
Lair:6:   evil_forest, slime_altar_2, serial_bayou_crossing, grunt_megastairs_1,
          serial_bayou_shore_b
Orc:1:    serial_shops, nicolae_shop_waterfront, shop, nicolae_shop_trees,
          nicolae_shop_statue_plus, portal_ice_cave_entry_ice_beasts
Orc:2:    st_orc_rangers

Skill      XL: |  1  2  3  4  5  6  7  8  9 10 11 12 13 14 15 |
---------------+----------------------------------------------+-----
Polearms       | 2 3 4 5 6 8 9 10 11 13 | 13.6
Fighting       | 4 5 6 8 9 10 11 12 | 12.8
Armour         | 3 4 5 6 7 8 9 10 | 10.1
Dodging        | 1 2 3 4 5 6 8 |  8.4
Shields        | 3 |  3.9
Bows           | 2 3 4 6 7 8 |  8.0
Evocations     | 1 2 3 4 5 6 |  6.5
Stealth        | 1 2 |  2.1
Invocations    | 3 |  3.4

Action                   |  1- 3 |  4- 6 |  7- 9 | 10-12 | 13-15 || total
-------------------------+-------+-------+-------+-------+-------++-------
Melee: Trident           |   162 |   180 |   354 |       |       ||   696
       Kick              |    15 |    34 |    77 |   170 |   235 ||   531
       Glaive            |       |       |    83 |   802 |   550 ||  1435
       Bardiche          |       |       |       |       |   511 ||   511
 Fire: Shortbow          |       |       |    12 |    45 |   143 ||   200
       Longbow           |       |       |       |       |    11 ||    11
Throw: Tomahawk          |       |       |       |       |     1 ||     1
Invok: Divine Shield     |       |       |       |       |     3 ||     3
       Brand Weapon With |       |       |       |       |     1 ||     1
 Abil: Evoke Berserk Rag |       |       |     3 |    12 |    23 ||    38
Evoke: Wand              |       |       |     9 |     6 |     4 ||    19
       Rod               |       |       |       |    24 |    61 ||    85
  Use: Scroll            |       |     1 |     4 |     5 |    26 ||    36
       Potion            |       |     1 |     6 |     3 |     2 ||    12
 Stab: Paralysed         |       |       |       |     4 |       ||     4
  Eat: Chunk             |     2 |     4 |    20 |    38 |    54 ||   118
       Pizza             |       |       |     2 |       |     1 ||     3
       Beef jerky        |       |       |       |     1 |     3 ||     4
       Meat ration       |       |       |       |     1 |     1 ||     2
Armor: Scale mail        |    50 |    72 |    19 |       |       ||   141
       Chain mail        |       |       |   227 |   729 |   183 ||  1139
       Skin              |       |       |     3 |    35 |     7 ||    45
       Leather armour    |       |       |       |       |   324 ||   324
Dodge: Dodged            |    24 |    19 |   118 |   318 |  1131 ||  1610
Block: Shield            |    37 |    61 |    65 |       |       ||   163
       Other             |       |       |       |       |    47 ||    47
